Map: Catalyst LE

Players

Plasmid - Winner!

  • Race: Zerg Zerg
  • League: Diamond
  • Spawn Location: 5:00

llllllllllll

  • Race: Terran Terran
  • League: Diamond
  • Spawn Location: 11:00

VOD

Have the link to the VOD?

Description

Time

  • Played on: March 29, 2018, 9:09 p.m.
  • Length: 26:01
Show
View Real Time Build Order
Export as new Build Order

Plasmid Zerg - Winner!

Build Orders: Hatch First 

Get SALT Encoding   

  12  0:02  Drone  
  13  0:13  Overlord  
  13  0:18  Drone  
  14  0:33  Drone x2  
  16  0:36  Drone  
  17  0:46  Drone  
  18  0:58  Hatchery  
  18  0:59  Extractor  
  16  1:05  Drone  
  17  1:11  Drone  
  18  1:21  Spawning Pool  
  18  1:25  Drone  
  18  1:30  Drone  
  19  1:42  Overlord  
  19  1:55  Drone  
  20  2:10  Zergling x2  
  20  2:11  Metabolic Boost, Queen  
  20  2:12  Queen  
  20  2:15  Zergling x2  
  26  2:18  Drone  
  26  2:21  Drone  
  28  2:27  Drone  
  29  2:32  Drone  
  30  2:38  Drone  
  30  2:43  Drone  
  32  2:47  Overlord  
  32  2:50  Queen  
  34  2:51  Queen  
  36  3:02  Overlord  
  36  3:07  Zergling x2  
  36  3:09  Drone x2  
  39  3:22  Drone x7  
  39  3:23  Drone  
  45  3:38  Hatchery  
  43  3:49  Queen x2  
  43  3:50  Drone x2  
  43  3:51  Drone x2  
  43  3:55  Overlord x2  
  51  4:15  Zergling x2  
  51  4:16  Zergling x12  
  47  4:37  Drone x7  
  51  4:42  Drone  
  52  4:49  Lair  
  52  5:02  Drone x6  
  54  5:09  Drone  
  54  5:12  Extractor  
  54  5:16  Drone  
  54  5:17  Drone x6  
  58  5:30  Spore Crawler  
  58  5:31  Spore Crawler  
  53  5:42  Drone x4  
  54  5:43  Drone x5  
  58  5:56  Drone x4  
  62  6:01  Hydralisk Den  
  60  6:10  Drone x2  
  60  6:11  Drone x4  
  64  6:13  Queen  
  66  6:20  Evolution Chamber  
  66  6:21  Evolution Chamber  
  64  6:29  Drone x3  
  64  6:30  Drone x3  
  70  6:33  Extractor  
  70  6:34  Extractor  
  70  6:37  Queen  
  70  6:38  Baneling Nest  
  70  6:39  Queen  
  71  6:40  Hydralisk, Muscular Augments  
  71  6:43  Overlord x2  
  73  6:51  Zerg Ground Armor Level 1  
  73  6:52  Zergling x2  
  74  7:02  Drone x3  
  74  7:03  Drone x2  
  79  7:23  Extractor  
  79  7:25  Extractor  
  79  7:26  Hydralisk  
  79  7:27  Hydralisk x5  
  89  7:30  Zergling x2  
  89  7:35  Hatchery  
  89  7:47  Zergling x2, Zerg Melee Weapons Level 1  
  78  8:01  Hydralisk  
  78  8:02  Hydralisk x4  
  87  8:15  Drone x3  
  87  8:16  Spore Crawler  
  89  8:24  Drone  
  90  8:28  Overlord  
  90  8:29  Overlord x3  
  90  8:50  Grooved Spines  
  90  8:51  Zergling x2  
  90  8:52  Infestation Pit, Zergling x22  
  101  8:58  Zerg Ground Armor Level 2  
  101  9:12  Queen  
  103  9:18  Baneling  
  103  9:19  Baneling x9  
  103  9:20  Baneling x2, Centrifical Hooks  
  103  9:21  Zergling x2  
  103  9:22  Zergling x20  
  103  9:40  Hydralisk x2  
  103  9:41  Zergling x6, Hydralisk  
  112  10:02  Zergling x2  
  112  10:03  Zergling x18  
  110  10:10  Zergling x4  
  87  10:20  Zergling x6  
  87  10:21  Zergling x2, Queen  
  87  10:26  Zergling x4  
  89  10:33  Overseer  
  89  10:35  Hive  
  89  10:37  Drone x2  
  89  10:40  Overlord  
  91  10:51  Drone x4  
  91  10:52  Drone x2  
  97  11:09  Drone x3  
  97  11:10  Drone x6  
  106  11:23  Zerg Melee Weapons Level 2  
  106  11:25  Drone x3  
  108  11:26  Drone x2  
  111  11:43  Drone x5  
  111  11:44  Hydralisk, Drone x5  
  111  11:45  Hydralisk x2  
  127  11:51  Adrenal Glands  
  127  11:52  Ultralisk Cavern  
  123  12:06  Spine Crawler x2  
  123  12:07  Spore Crawler  
  120  12:23  Zerg Ground Armor Level 3  
  120  12:45  Baneling x4  
  120  12:46  Baneling x5  
  120  12:55  Overlord x6  
  118  12:59  Baneling  
  113  13:22  Ultralisk x6  
  113  13:23  Ultralisk  
  113  13:25  Chitinous Plating  
  149  13:53  Hatchery  
  148  13:56  Hatchery  
  148  14:01  Extractor  
  146  14:04  Drone x5  
  146  14:05  Drone  
  152  14:18  Overlord x3  
  152  14:20  Ultralisk  
  152  14:22  Zergling x6  
  161  14:28  Zerg Melee Weapons Level 3  
  161  14:36  Queen  
  161  15:17  Ultralisk x2  
  161  15:18  Ultralisk x3  
  161  15:20  Overlord x3  
  161  15:21  Overlord  
  191  15:24  Zerg Missile Weapons Level 1  
  189  15:46  Hatchery  
  189  15:48  Overlord x3  
  189  15:49  Zergling x2  
  189  15:50  Zergling x10  
  194  15:59  Extractor  
  194  16:01  Extractor  
  145  16:43  Ultralisk x3  
  145  16:44  Ultralisk x2  
  145  16:46  Zergling x8  
  145  16:47  Zergling x14  
  184  17:10  Viper x2  
  190  17:25  Overseer x4  
  190  17:28  Pneumatized Carapace  
  187  17:53  Hydralisk x2  
  187  17:54  Hydralisk x4  
  180  18:18  Ultralisk x2  
  180  18:19  Zergling x12  
  194  18:20  Zergling x6  
  158  18:31  Zergling x6  
  155  18:50  Ultralisk  
  161  18:59  Hatchery  
  160  19:15  Viper x2  
  160  19:16  Viper  
  157  19:26  Zergling x2  
  157  19:27  Zergling x20  
  157  19:28  Zergling x8  
  160  20:02  Baneling  
  160  20:03  Baneling x8  
  160  20:04  Baneling x2  
  99  20:53  Ultralisk x5  
  126  21:01  Zergling x2  
  126  21:02  Zergling x24  
  139  21:21  Hatchery  
  138  21:27  Viper x2  
  138  21:29  Zergling x2  
  138  21:30  Zergling x8  
  138  21:32  Zerg Missile Weapons Level 2  
  149  21:49  Extractor  
  149  21:52  Extractor  
  147  21:57  Zergling x8  
  147  21:58  Zergling x8  
  155  22:28  Hatchery, Ultralisk x3  
  172  22:32  Baneling x6  
  172  22:33  Baneling  
  172  22:34  Zergling x2, Baneling  
  172  22:35  Extractor, Zergling x14  
  179  22:37  Extractor  
  179  22:44  Queen  
  178  22:46  Zergling x2  
  178  22:47  Zergling x12  
  178  22:48  Queen  
  152  23:21  Hydralisk  
  152  23:22  Hydralisk x6  
  152  23:23  Hydralisk x4  
  152  23:32  Zergling x6  
  152  23:33  Zergling x10  
  133  23:43  Hydralisk x3  
  135  23:55  Hydralisk x2  
  132  24:12  Drone x4  
  132  24:13  Drone x4  
  139  24:26  Hydralisk x3  
  140  24:47  Drone x5  
  140  24:48  Drone x5  
  141  25:08  Spore Crawler  
  139  25:31  Hydralisk x4  
  139  25:32  Hydralisk x2  
  141  25:36  Drone x2  
Show
View Real Time Build Order
Export as new Build Order

llllllllllll Terran 

Build Orders: Liberator Opening, Reaper Expand, MMM Bio 

Get SALT Encoding   

  12  0:01  SCV  
  13  0:13  SCV  
  14  0:19  Supply Depot  
  14  0:25  SCV  
  15  0:29  Refinery  
  15  0:40  SCV  
  16  0:46  Barracks  
  16  0:53  SCV  
  17  1:05  SCV  
  18  1:17  SCV  
  19  1:34  Reaper  
  19  1:35  Orbital Command  
  20  1:49  Command Center  
  20  2:01  Factory, SCV  
  21  2:09  Refinery  
  21  2:11  Barracks Reactor  
  21  2:14  SCV  
  22  2:20  Supply Depot  
  22  2:26  SCV  
  23  2:42  SCV  
  24  2:50  Starport  
  24  2:54  SCV  
  24  2:57  Hellion x2  
  29  2:59  Barracks Reactor  
  29  3:04  Orbital Command  
  29  3:07  SCV  
  30  3:19  SCV  
  31  3:30  Hellion x2  
  31  3:32  SCV x2  
  37  3:34  Liberator  
  37  3:35  Liberator  
  36  3:50  Supply Depot  
  42  3:56  SCV x2  
  42  4:01  Hellion  
  46  4:07  Supply Depot  
  46  4:08  Barracks Tech Lab  
  46  4:12  SCV x2, Hellion  
  48  4:24  SCV x2  
  46  4:36  SCV x2  
  46  4:39  Stimpack  
  46  4:43  Factory Reactor  
  46  4:44  Starport Reactor, Barracks  
  46  4:48  SCV  
  46  4:50  Barracks  
  46  4:51  Command Center  
  47  4:53  SCV  
  47  4:57  Marine  
  42  5:08  SCV  
  42  5:11  Liberator  
  42  5:12  Orbital Command  
  40  5:20  SCV  
  45  5:21  Hellion x2  
  45  5:22  Marine  
  47  5:33  Marine x2  
  48  5:36  Command Center  
  48  5:39  Marine  
  49  5:48  SCV  
  49  5:49  SCV  
  51  6:01  SCV x2  
  51  6:04  Engineering Bay  
  53  6:05  Supply Depot  
  53  6:07  Marine  
  53  6:09  Engineering Bay  
  54  6:13  Factory Tech Lab  
  54  6:16  Supply Depot  
  54  6:17  SCV x2  
  53  6:26  Refinery  
  53  6:29  SCV x2, Refinery  
  55  6:34  Terran Infantry Weapons Level 1  
  55  6:35  Terran Infantry Armor Level 1  
  55  6:38  Marine x2  
  55  6:39  Marine  
  58  6:44  SCV x2  
  60  6:49  Orbital Command  
  60  6:53  Combat Shields  
  60  6:59  SCV x2  
  60  7:01  Marine x5  
  63  7:04  Siege Tank  
  70  7:15  Barracks  
  70  7:19  Marine x2, Barracks  
  70  7:22  SCV x2  
  75  7:26  Supply Depot  
  75  7:27  Marine x2  
  76  7:33  Supply Depot, Medivac  
  76  7:34  Orbital Command, Medivac  
  80  7:40  Marine x2  
  80  7:41  Marine  
  83  7:45  Marine x2  
  85  7:51  Missile Turret  
  85  7:57  Marine, Missile Turret  
  85  7:58  Marine  
  87  7:59  Marine  
  87  8:02  SCV  
  87  8:03  Marine, Medivac  
  86  8:07  SCV  
  86  8:08  SCV, Medivac  
  86  8:09  Marine x2  
  93  8:20  SCV x3  
  93  8:22  Armory  
  93  8:23  Barracks Reactor  
  95  8:32  SCV x3  
  98  8:35  Supply Depot, Marine x3  
  98  8:39  Supply Depot  
  101  8:52  Supply Depot  
  101  8:57  Marine x5, SCV x3  
  101  9:00  Marine x2  
  101  9:01  Supply Depot  
  111  9:03  Factory  
  111  9:04  Marine x2  
  111  9:05  Supply Depot  
  111  9:09  SCV, Siege Tank  
  117  9:13  SCV x2  
  117  9:14  Marine x4  
  117  9:15  Supply Depot  
  123  9:18  Supply Depot, Marine, Terran Infantry Weapons Level 2  
  123  9:22  Marine x3  
  123  9:23  Marine  
  128  9:32  Marine x3  
  124  9:39  Marine x2  
  124  9:40  Marine, Terran Infantry Armor Level 2  
  124  9:41  Siege Tank  
  124  9:43  Terran Vehicle Weapons Level 1, Marine  
  124  9:44  Marine  
  132  9:49  Marine  
  132  9:50  Marine x3  
  132  9:52  Supply Depot  
  136  9:53  Medivac  
  136  9:54  Supply Depot, Medivac  
  136  9:55  Factory Tech Lab  
  140  10:00  Supply Depot  
  140  10:02  Marine x2  
  121  10:07  Marine x2  
  121  10:08  Marine x2  
  121  10:09  Marine  
  121  10:11  Marine  
  121  10:13  Siege Tank  
  109  10:15  Marine  
  109  10:19  Marine x2  
  110  10:25  Marine x2  
  110  10:26  Marine x2, SCV  
  110  10:27  Marine  
  116  10:28  Marine  
  116  10:33  Marine  
  116  10:34  Barracks  
  118  10:36  SCV x2  
  118  10:37  Marine  
  118  10:38  SCV  
  118  10:39  Barracks  
  122  10:45  Siege Tank, Barracks  
  122  10:46  Marine  
  122  10:47  Marine  
  122  10:48  Marine, SCV x2  
  130  10:50  Marine, SCV  
  130  10:56  Marine x2  
  134  10:57  Marine  
  134  10:58  Marine x2  
  134  10:59  Siege Tank  
  134  11:00  SCV  
  141  11:05  Concussive Shells  
  141  11:15  Command Center  
  141  11:17  Siege Tank  
  144  11:19  Marine x3  
  144  11:20  Marine x6  
  154  11:29  Barracks Tech Lab x2  
  154  11:31  Siege Tank  
  156  11:33  Supply Depot  
  156  11:37  Marine x4, Barracks Tech Lab  
  156  11:38  Supply Depot, Marine  
  156  11:39  Marauder  
  162  11:44  Marine x3  
  165  11:47  Marine  
  165  11:48  Marine  
  165  11:49  Siege Tank  
  170  11:55  Marine x2  
  172  12:03  Siege Tank  
  172  12:05  Marine x8  
  172  12:06  Marine x2  
  185  12:11  Terran Infantry Weapons Level 3  
  185  12:13  Marine x2  
  187  12:22  Siege Tank  
  190  12:23  Marine x3  
  193  12:30  Command Center  
  193  12:32  Marine  
  193  12:34  Marauder, Marine  
  197  12:41  Marine x3  
  200  12:48  Terran Infantry Armor Level 3  
  200  13:16  Marine  
  200  13:22  Command Center  
  199  13:27  Barracks  
  199  13:32  Barracks  
  199  13:33  Barracks  
  192  13:37  Refinery  
  192  13:39  Refinery  
  192  13:41  Planetary Fortress, Barracks  
  190  13:43  Missile Turret  
  190  13:51  Starport x2  
  190  13:55  Terran Ship Weapons Level 1  
  190  13:56  Marauder x3, Starport  
  190  13:57  Marauder  
  198  14:15  Ghost Academy  
  198  14:17  Marauder  
  198  14:20  Engineering Bay  
  198  14:22  Engineering Bay  
  198  14:23  Engineering Bay  
  200  14:28  Command Center  
  200  14:30  Barracks Tech Lab  
  200  14:31  Barracks Tech Lab  
  200  14:37  Barracks Tech Lab  
  200  14:45  Barracks Tech Lab  
  200  14:52  Sensor Tower, Missile Turret  
  200  14:54  Refinery  
  200  14:55  Missile Turret  
  200  14:56  Refinery  
  200  15:09  Building Armor  
  183  15:37  Ghost x2  
  183  15:38  Ghost x4  
  183  15:39  Ghost x2  
  195  15:49  Orbital Command x2  
  191  15:57  Personal Cloaking  
  191  16:02  Command Center, Starport Reactor  
  191  16:04  Starport Reactor  
  191  16:05  Starport Tech Lab  
  191  16:06  Ghost x4  
  191  16:07  Fusion Core, Command Center  
  199  16:12  Terran Ship Weapons Level 2  
  196  16:29  Marauder  
  160  16:34  Marauder  
  160  16:35  Marauder x2  
  160  16:38  Marine  
  139  16:48  Refinery  
  139  16:59  Liberator x3  
  139  17:03  Ghost  
  139  17:04  Marine x2  
  143  17:20  Marauder, Marine  
  155  17:35  Planetary Fortress, Missile Turret  
  155  17:37  Sensor Tower  
  155  17:43  SCV x3  
  149  17:56  Marauder, Marine  
  149  17:57  Marine x9  
  149  17:58  Marauder  
  151  17:59  Marine  
  151  18:00  Marauder  
  151  18:05  Marauder, Marine  
  153  18:14  Marine  
  153  18:15  Marauder x2, Unknown x2  
  153  18:16  Unknown x6  
  153  18:18  Marine  
  153  18:19  Marauder  
  155  18:23  Marine  
  155  18:24  Marauder, Marine  
  155  18:25  Marauder, Liberator  
  136  18:31  SCV x3  
  136  18:32  SCV x3  
  142  18:43  SCV x2  
  142  18:44  Advanced Ballistics  
  147  18:49  SCV x3  
  147  18:52  Missile Turret  
  147  18:53  Liberator  
  150  18:57  Planetary Fortress  
  150  19:06  Marauder x2  
  150  19:07  Marauder  
  156  19:11  Command Center  
  156  19:14  Marine  
  156  19:15  Marauder x2  
  163  19:22  Terran Ship Weapons Level 3  
  162  19:32  Liberator  
  162  19:33  Viking, Liberator x2  
  162  19:34  Viking x2  
  162  19:36  Ghost x2  
  162  19:38  Ghost  
  178  19:52  Viking  
  178  19:54  Marauder, Marine  
  183  20:00  Liberator  
  183  20:02  Marine  
  183  20:03  Viking  
  188  20:14  Marauder, Marine  
  188  20:18  Marine  
  188  20:19  Marauder, Marine x5  
  196  20:33  Marauder, Marine x2  
  196  20:34  Marauder  
  196  20:35  Command Center  
  196  20:40  Marauder, Marine  
  196  20:41  Marauder x2  
  196  20:42  Marine  
  170  20:43  Marine  
  170  20:44  Marine  
  146  20:50  Marauder, Marine  
  146  20:51  Marauder  
  146  20:52  Marauder  
  132  20:59  Marauder, Marine  
  132  21:01  Orbital Command  
  127  21:06  Marauder  
  127  21:09  Refinery  
  129  21:15  Sensor Tower  
  129  21:19  Marauder  
  131  21:25  Missile Turret  
  131  21:26  Ghost  
  131  21:28  Missile Turret  
  131  21:29  Planetary Fortress  
  131  21:32  Medivac  
  135  21:34  Medivac  
  137  21:47  Refinery x2  
  137  21:48  Ghost x2  
  141  21:56  Ghost  
  143  22:07  Missile Turret  
  143  22:09  Sensor Tower  
  143  22:11  Marauder x2, Marine  
  143  22:12  Marauder  
  150  22:15  Medivac  
  150  22:18  Medivac  
  154  22:26  Ghost  
  156  22:30  Missile Turret  
  156  22:32  Medivac  
  156  22:36  Marauder  
  168  22:37  Marauder x4, Marine x2  
  168  22:38  Marine x7  
  168  22:39  Marine  
  178  22:50  Viking  
  178  22:51  Viking  
  182  22:55  Marine x2  
  182  22:57  Command Center  
  182  22:58  Marauder x2, Marine x2  
  189  22:59  Command Center  
  189  23:00  Marauder  
  192  23:08  Liberator x2  
  166  23:20  Marine x2  
  166  23:21  Marauder x3, Marine  
  150  23:27  Marine  
  150  23:28  Marauder, Marine  
  150  23:32  Marine  
  150  23:33  Marauder  
  140  23:45  Liberator  
  140  23:46  Marine x3  
  140  23:47  Marine x4  
  140  23:48  Marauder  
  142  23:50  Hi-Sec Auto Tracking  
  140  24:12  Orbital Command  
  136  24:17  Orbital Command  
  136  24:18  Orbital Command  
  136  24:24  Marauder x2, Marine  
  134  24:28  Liberator x2  
  134  24:31  Marauder x2, Marine  
  138  24:32  Marine x5  
  132  24:43  Marauder x2, Marine x2  
  132  24:44  Marauder  
  134  25:02  Marauder x3, Marine x3  
  134  25:03  Marine, Orbital Command  
  134  25:05  Marauder  
  128  25:09  Marine  
  128  25:10  Marauder  
  128  25:12  Marine  
  121  25:24  Marauder  
  121  25:27  Starport  
  123  25:29  Marine  
  123  25:30  Marauder x3  
  128  25:43  Marine  
Tags
 
Add a new tag
Caveats
  • Supply blocks, unpowered buildings, or Contaminate may cause inaccurate times.
  • Supply counts are checked every 10 seconds.